 Dungeon Crawl Stone Soup version 0.16-a0-2296-gdce89d5 (webtiles) character file.

72 PolkaDot the Caller (level 4, -3/30 HPs)
             Began as a Vampire Summoner on Nov 16, 2014.
             Killed from afar by Ijyb (5 damage)
             ... with a wand of magic darts
             ... on level 2 of the Dungeon.
             The game lasted 00:04:19 (2020 turns).

PolkaDot the Caller (Vampire Summoner)              Turns: 2020, Time: 00:04:19

Health: -3/30      AC:  2    Str:  7    XL:     4   Next: 7%
Magic:  8/8        EV: 12    Int: 18    God:
Gold:   60         SH:  0    Dex: 14    Spells: 3 memorised, 1 level left

rFire  + . .     SeeInvis +     h - +0 spear
rCold  + . .     Clarity  .     a - +0 robe
rNeg   . . .     SustAb   .     (no shield)
rPois  +         Gourm    .     (no helmet)
rElec  +         Spirit   .     (no cloak)
rCorr  +         Warding  .     (no gloves)
rMut   .         Stasis   .     (no boots)
MR     .....                    l - amulet of faith
Stlth  ++........               (no ring)
                                (no ring)

@: resistant, regenerating quickly, not resistant to hostile enchantments,
unstealthy
A: bottle blood, fangs 3, see invisible, unbreathing
a: no special abilities


You were on level 2 of the Dungeon.
You were very full.

You visited 1 branch of the dungeon, and saw 2 of its levels.

You collected 60 gold pieces.

Inventory:

Hand weapons
 h - a +0 spear (weapon)
Armour
 a - a +0 robe (worn)
Jewellery
 l - an amulet of faith (around neck)
Scrolls
 d - a scroll of enchant armour {unknown}
 e - a scroll of amnesia {unknown}
 f - a scroll of identify {unknown}
 g - a scroll of immolation {unknown}
 i - a scroll of teleportation {unknown}
 j - a scroll of noise {unknown}
 n - a scroll of recharging
Books
 b - a book of Callings

   Spells                             Type                      Level
   *Summon Small Mammal               Summoning                    1
   *Call Imp                          Summoning                    2
   *Call Canine Familiar              Summoning                    3
   Summon Guardian Golem              Hexes/Summoning              4
   Summon Lightning Spire             Summoning/Air                4
   Summon Ice Beast                   Ice/Summoning                4
 m - a book of Unlife

   Spells                             Type                      Level
   Recall                             Summoning/Translocation      3
   Animate Dead                       Necromancy                   4
   Control Undead                     Necromancy                   4
   Twisted Resurrection               Necromancy                   5
   Death Channel                      Necromancy                   6
   Simulacrum                         Ice/Necromancy               6


   Skills:
 - Level 2.1 Dodging
 - Level 3.0 Stealth
 - Level 2.4 Spellcasting
 * Level 5.4 Summonings


You had one spell level left.
You knew the following spells:

 Your Spells              Type           Power        Failure   Level  Hunger
a - Summon Small Mammal   Summ           ###.         1%          1    #......
d - Call Canine Familiar  Summ           ###.....     6%          3    ###....
s - Call Imp              Summ           ###.....     2%          2    ##.....


Dungeon Overview and Level Annotations

Branches:
Dungeon (2/15)

Altars:
Nemelex Xobeh
The Shining One

Annotations:
D:2 Ijyb


Innate Abilities, Weirdness & Mutations

Your natural rate of healing is unusually fast.
You can bottle blood from corpses.
You have razor-sharp teeth.
You have supernaturally acute eyesight.
You can survive without breathing.


Message History

* * * LOW HITPOINT WARNING * * *
Ijyb zaps a wand.
The magic dart hits you!
* * * LOW HITPOINT WARNING * * *
Read which item? (? for menu, Esc to quit)
Okay, then.
The goblin shoots a stone.
The stone barely misses you.
There is a large open door here.
You see here a stone.
You aren't carrying any potions.
Unknown command.
Read which item? (? for menu, Esc to quit)
As you read the scroll labeled ZIRU HUTEA, it crumbles to dust.
It is a scroll of recharging.
You aren't carrying any rechargeable items.
There is an open gate here.
The goblin shoots a stone.
The stone hits you.
* * * LOW HITPOINT WARNING * * *
You see here a stone.
Ijyb zaps a wand.
The magic dart hits you!
You die...

######### #...#..≈≈##
'...+g.≈≈≈###### ### #####
#...#.?≈≈≈#.#..#########.####.#.#
#########≈≈....(@...............#
........#≈≈....################.#
........g..g..................#.#
........'..g##..............#.#..
...)....'...######............###
........#≈≈.##.........(.........
#########≈≈.##.###.#.#.#.#....###
#...#..≈≈≈#.##.# #.#.#.#......#
'..()..≈≈≈#....# #.#.#.#.#.#..#


You could see Ijyb and a goblin.

Vanquished Creatures
  3 adders (D:2)
  2 bats
  3 giant cockroaches
  6 goblins
  4 hobgoblins
  A jackal (D:2)
  A quokka (D:2)
  3 giant newts
  2 kobolds (D:2)
  3 rats
28 creatures vanquished.

Vanquished Creatures (collateral kills)
  An adder (D:2)
  A gnoll (D:1)
  2 giant geckos
  A giant cockroach (D:1)
  A goblin (D:2)
  A hobgoblin (D:2)
  A jackal (D:2)
  A kobold (D:1)
  A bat (D:2)
  A rat (D:2)
11 creatures vanquished.

Vanquished Creatures (others)
  2 rats (D:1)
2 creatures vanquished.

Grand Total: 41 creatures vanquished

Notes
Turn   | Place    | Note
--------------------------------------------------------------
     0 | D:1      | PolkaDot, the Vampire Summoner, began the quest for the Orb.
     0 | D:1      | Reached XP level 1. HP: 13/13 MP: 3/3
   458 | D:1      | Reached XP level 2. HP: 14/19 MP: 2/4
   576 | D:1      | Learned a level 2 spell: Call Imp
   993 | D:2      | Found a sparkling altar of Nemelex Xobeh.
  1125 | D:2      | Reached XP level 3. HP: 16/24 MP: 6/6
  1130 | D:2      | Learned a level 3 spell: Call Canine Familiar
  1142 | D:2      | Found a glowing golden altar of the Shining One.
  1251 | D:2      | Reached skill level 5 in Summonings
  1852 | D:2      | Reached XP level 4. HP: 23/30 MP: 8/8
  1990 | D:2      | Noticed Ijyb
  2020 | D:2      | Killed from afar by Ijyb

Action                   |  1- 3 |  4- 6 || total
-------------------------+-------+-------++-------
Melee: Unarmed           |    45 |       ||    45
       Spear             |    95 |    17 ||   112
       Dagger            |     7 |       ||     7
 Cast: Summon Small Mamm |    11 |       ||    11
       Call Canine Famil |     3 |     1 ||     4
       Call Imp          |     1 |       ||     1
  Use: Potion            |     1 |     2 ||     3
       Scroll            |       |     1 ||     1
 Stab: Sleeping          |     2 |       ||     2
  Eat: Corpse            |    12 |     2 ||    14
